 Dungeon Crawl Stone Soup version 0.23-a0-899-gbbae0a3 (webtiles) character file.

Game seed: 16519978396892247454

38140 Wolfram the Thaumaturge (level 14, -8/129 HPs)
             Began as a Naga Wizard on Jan 28, 2019.
             Was an Initiate of Gozag.
             Mangled by Donald
             ... wielding a +1 broad axe of holy wrath
              (16 damage)
             ... on level 2 of the Orcish Mines on Jan 29, 2019.
             The game lasted 01:54:24 (36754 turns).

Wolfram the Thaumaturge (Naga Wizard)              Turns: 36754, Time: 01:54:25

Health: -8/129     AC: 23    Str: 11    XL:     14   Next: 0%
Magic:  3/29       EV: 13    Int: 25    God:    Gozag
Gold:   4070       SH:  4    Dex: 10    Spells: 4/35 levels left

rFire    . . .     SeeInvis +   F - +1 scimitar (flame)
rCold    . . .     Gourm    .   H - +0 buckler
rNeg     . . .     Faith    .   K - +2 robe {MR+}
rPois    +         Spirit   .   L - +0 hat {Int+3}
rElec    .         Reflect  .   p - +1 cloak
rCorr    .         Harm     .   u - +1 pair of gloves
MR       ++...                  (no barding)
Stlth    +++++.....             R - amulet of the acrobat
HPRegen  0.31/turn              q - ring of stealth
MPRegen  0.21/turn              l - +5 ring of protection

@: icy armour, about to teleport, very slow
A: large, see invisible, deformed body, poison resistance, slowness 2, slow
metabolism 1, spit poison 1, constrict 1, AC +4
a: Spit Poison, Potion Petition, Call Merchant, Bribe Branch, Renounce Religion


You were on level 2 of the Orcish Mines.
You worshipped Gozag.
Gozag was most pleased with you.
You were not hungry.

You visited 4 branches of the dungeon, and saw 19 of its levels.
You also visited: Ice Cave.

You collected 4676 gold pieces.
You spent 552 gold pieces at shops.
You paid 54 gold pieces to Gozag.


Innate Abilities, Weirdness & Mutations

You cannot wear boots.
Your serpentine skin is tough. (AC +4)
You have supernaturally acute eyesight. (SInv)
Armour fits poorly on your strangely shaped body.
Your system is resistant to poisons. (rPois)
You cover ground very slowly.
You have a slow metabolism.
You can spit poison.
You can use your snake-like lower body to constrict enemies.


   Skills:
 + Level 9.1 Fighting
 + Level 8.0 Dodging
 + Level 8.6 Stealth
 - Level 3.0 Shields
 + Level 11.3 Spellcasting
 - Level 8.0 Conjurations
 - Level 6.5 Summonings
 - Level 2.0 Translocations
 - Level 6.0 Fire Magic
 - Level 6.0 Ice Magic
 - Level 3.0 Air Magic
 - Level 4.0 Poison Magic
 + Level 4.1 Evocations


You had 4 spell levels left.
You knew the following spells:

 Your Spells              Type           Power        Failure   Level  Hunger
a - Magic Dart            Conj           ####         1%          1    None
b - Call Imp              Summ           #####...     1%          2    None
c - Conjure Flame         Conj/Fire      #####...     1%          3    None
d - Mephitic Cloud        Conj/Pois/Air  #####...     1%          3    None
e - Blink                 Tloc           N/A          2%          2    None
f - Throw Icicle          Conj/Ice       #####...     2%          4    None
g - Ozocubu's Armour      Chrm/Ice       ####....     3%          3    None
h - Sticky Flame          Conj/Fire      #####...     2%          4    None
i - Summon Ice Beast      Ice/Summ       #####...     3%          4    None
j - Fireball              Conj/Fire      #####.....   7%          5    ###....

Your spell library contained the following spells:

 Spells                   Type           Power        Failure   Level  Hunger
 Flame Tongue             Conj/Fire      #####        1%          1    None
 Freeze                   Ice            ####         1%          1    None
 Ensorcelled Hibernation  Hex/Ice        ####..       1%          2    None
 Throw Flame              Conj/Fire      #####.       1%          2    None
 Throw Frost              Conj/Ice       #####.       1%          2    None
 Dazzling Spray           Conj/Hex       ####..       2%          3    None
 Recall                   Summ/Tloc      N/A          2%          3    None
 Inner Flame              Hex/Fire       ####....     3%          3    None
 Beastly Appendage        Tmut           ##....       4%          1    None
 Corona                   Hex            ##.....      4%          1    None
 Spider Form              Tmut/Pois      ###.......   5%          3    None
 Slow                     Hex            ##......     6%          2    None
 Sticks to Snakes         Tmut           ##......     6%          2    None
 Ice Form                 Ice/Tmut       ####....     12%         4    None
 Confuse                  Hex            ##......     13%         3    None
 Tukima's Dance           Hex            ##......     13%         3    None
 Aura of Abjuration       Summ           #####.....   9%          5    ###....
 Summon Demon             Summ           #####.....   9%          5    ###....
 Summon Forest            Summ/Tloc      #####.....   21%         5    ###....
 Summon Mana Viper        Hex/Summ       ####....     30%         5    ###....
 Metabolic Englaciation   Hex/Ice        ####......   34%         5    ###....
 Bolt of Cold             Conj/Ice       #####.....   36%         6    #####..
 Shadow Creatures         Summ           N/A          41%         6    #####..
 Ozocubu's Refrigeration  Ice            #####.....   50%         6    #####..
 Freezing Cloud           Conj/Ice/Air   #####.....   54%         6    #####..
 Blade Hands              Tmut           ##........   75%         5    ###....
 Simulacrum               Ice/Necr       ####......   88%         6    #####..

Inventory:

Hand Weapons
 b - a +0 blowgun
 c - a +0 dagger of draining
 o - a +1 long sword of holy wrath
 F - a +1 scimitar of flaming (weapon)
Missiles
 a - 10 tomahawks (quivered)
 v - 14 curare-tipped needles
 E - 3 javelins
Armour
 p - a +1 cloak (worn)
 u - a +1 pair of gloves (worn)
 H - a +0 buckler (worn)
 K - a +2 robe of magic resistance (worn)
 L - a +0 hat of intelligence (worn)
Jewellery
 i - an uncursed ring of ice
 l - a +5 ring of protection (right hand)
 q - a ring of stealth (left hand)
 R - an amulet of the acrobat (around neck)
Wands
 e - a wand of iceblast (25)
 f - a wand of flame (17)
 t - a wand of polymorph (15)
 M - a wand of paralysis (22)
 N - a wand of acid (5)
Scrolls
 h - a scroll of summoning
 j - a scroll of fog
 k - 3 scrolls of remove curse
 m - 3 scrolls of teleportation
 s - 2 scrolls of holy word
 w - 3 scrolls of enchant weapon
 A - a scroll of magic mapping
 B - a scroll of silence {!r}
Potions
 n - 6 potions of curing
 r - 2 potions of mutation {!q}
 z - 2 potions of magic
 D - 2 potions of might
 G - 2 potions of haste
 I - a potion of lignification {!q}
 J - 2 potions of flight
Comestibles
 d - 9 rations


Message History

Your ice beast dies!
Your ice beast hits Donald but does no damage.
Unknown command.
Unknown command.
Unknown command.
Unknown command.
Unknown command.
Unknown command.
Unknown command.
Unknown command.
Okay, then.
Unknown command.
Unknown command.
Unknown command.
As you read the scroll of teleportation, it crumbles to dust.
You feel strangely unstable.
Donald burns!
Donald says, "The air in here stinks.
I hate that."
Donald hits you with a +1 broad axe of holy wrath!
You die...
Your body crumbles into a pile of gold.

▒···▒▒ ▒▒▒▒▒·▒▒ ······
▒▒·▒▒···▒ ··▒···
▒···▒···▒▒ ······▒
▒··▒▒···▒▒
···▒···▒▒······▒·▒▒▒
▒··▒····<·····)····▒▒
▒···▒···[·······)···▒▒▒
·▒·········▒·Y··)·····▒▒
··············@@··▒····▒
·▒··▒··)···········▒··▒▒
▒·······▒··············▒
▒$··············$·$···▒▒
▒▒················$$·▒▒·
▒▒·▒···········)········
▒·············)········▒
▒·················▒······
·▒·▒·····················


You could see Donald (burning) and a friendly ice beast.

Vanquished Creatures
  Harold (Lair:2)
  Fannar (Lair:1)
  3 hydras
  Erica (D:8)
  A death knight (D:10)
  An orc high priest (Orc:1)
  Nergalle (Lair:3)
  Sonja (Lair:2)
  An orc knight (Orc:1)
  A necromancer (IceCv)
  A manticore (Lair:2)
  5 elephants
  An ice statue (IceCv)
  A black mamba (Lair:6)
  5 rime drakes
  3 spiny frogs
  3 komodo dragons
  8 freezing wraiths (IceCv)
  3 trolls
  5 hippogriffs
  3 dream sheep
  4 blink frogs
  13 yaks
  A basilisk (Lair:4)
  2 wargs
  6 porcupines
  6 water moccasins
  6 ice beasts
  17 orc warriors
  2 black bears (D:9)
  A sky beast (D:9)
  10 ogres
  An alligator simulacrum (IceCv)
  10 wolves
  2 centaurs
  8 crocodiles
  7 bullfrogs
  3 scorpions
  2 elephant simulacra (IceCv)
  5 killer bees (D:9)
  A water moccasin skeleton (D:6)
  3 howler monkeys (D:9)
  3 electric eels (D:8)
  A bullfrog zombie (D:8)
  3 crimson imps
  6 draconian simulacra (IceCv)
  17 orc wizards
  Crazy Yiuf (D:2)
  8 orc priests
  9 hounds
  A centaur skeleton (D:4)
  A gnoll shaman (D:7)
  Jessica (D:2)
  3 iguanas
  2 troll simulacra (IceCv)
  2 spriggan simulacra (IceCv)
  7 worker ants
  A wolf simulacrum (IceCv)
  A centaur simulacrum (IceCv)
  A hound skeleton (D:10)
  2 hound zombies
  A worker ant zombie (D:4)
  4 naga simulacra (IceCv)
  8 adders
  2 gnolls (D:8)
  4 ogre simulacra (IceCv)
  4 shadow imps
  17 white imps
  An adder zombie (D:8)
  2 worms
  4 dart slugs
  6 leopard geckos
  40 orcs
  8 bats
  6 giant cockroaches
  7 goblins
  5 hobgoblins
  6 jackals
  4 quokkas
  2 ball pythons
  3 frilled lizards
  5 kobolds
  A leopard gecko skeleton (D:9)
  A quokka skeleton (D:5)
  5 rats
  A butterfly (Lair:4)
  A plant (Lair:4)
378 creatures vanquished.

Vanquished Creatures (collateral kills)
  Rupert (Lair:3)
  Gastronok (Lair:2)
  3 hydras
  A two-headed ogre (Orc:2)
  A sea snake (Lair:5)
  2 black mambas (Lair:6)
  Psyche (D:10)
  3 spiny frogs
  2 komodo dragons
  2 freezing wraiths (IceCv)
  A polar bear (Lair:6)
  2 trolls
  2 hippogriffs
  6 blink frogs
  3 dream sheep (Lair:5)
  2 wyverns (Lair:3)
  8 yaks
  3 basilisks (Lair:6)
  A naga (Lair:3)
  2 water moccasins
  A porcupine (Lair:4)
  5 orc warriors
  2 ice beasts
  2 black bears (D:6)
  6 wolves
  4 ogres (Orc:2)
  A crocodile (Lair:4)
  10 bullfrogs
  5 crimson imps
  6 orc wizards
  A bullfrog skeleton (D:4)
  An orc priest (Orc:1)
  A troll simulacrum (IceCv)
  2 gnolls (D:8)
  7 white imps
  14 orcs
115 creatures vanquished.

Vanquished Creatures (others)
  A porcupine (Lair:2)
  6 fungi
  4 plants (Lair:6)
11 creatures vanquished.

Grand Total: 504 creatures vanquished

Notes
Turn   | Place    | Note
-------+----------+-------------------------------------------
     0 | D:1      | Wolfram the Naga Wizard began the quest for the Orb.
     0 | D:1      | Reached XP level 1. HP: 15/15 MP: 4/4
   331 | D:1      | Reached XP level 2. HP: 10/22 MP: 0/6
  1377 | D:1      | Reached XP level 3. HP: 28/28 MP: 5/7
  2092 | D:2      | Learned a level 2 spell: Blink
  2095 | D:2      | Learned a level 2 spell: Call Imp
  2099 | D:2      | Learned a level 3 spell: Conjure Flame
  2803 | D:2      | Noticed Jessica
  2806 | D:2      | Killed Jessica
  2806 | D:2      | Reached XP level 4. HP: 26/36 MP: 4/9
  3035 | D:2      | Found a runed translucent door.
  3036 | D:2      | Noticed Crazy Yiuf
  3049 | D:2      | Killed Crazy Yiuf
  3049 | D:2      | Reached skill level 3 in Conjurations
  3385 | D:3      | Reached XP level 5. HP: 42/42 MP: 7/10
  3557 | D:3      | Found an ornate altar of the Wu Jian Council.
  4108 | D:4      | Found an ancient bone altar of Kikubaaqudgha.
  4111 | D:4      | Found a hazy altar of Hepliaklqana.
  4114 | D:4      | Found a snail-covered altar of Cheibriados.
  4117 | D:4      | Found a basalt altar of Yredelemnul.
  4211 | D:4      | Noticed an orc warrior
  4234 | D:4      | Reached skill level 4 in Spellcasting
  4241 | D:4      | Killed an orc warrior
  4241 | D:4      | Reached XP level 6. HP: 39/49 MP: 1/12
  4362 | D:4      | Learned a level 3 spell: Mephitic Cloud
  4479 | D:4      | Found Umeifar's Magic Scroll Boutique.
  4486 | D:4      | Bought a scroll of teleportation for 33 gold pieces
  4486 | D:4      | Bought a scroll of teleportation for 33 gold pieces
  4486 | D:4      | Bought 2 scrolls of identify for 44 gold pieces
  4486 | D:4      | Bought a scroll of identify for 22 gold pieces
  5273 | D:5      | Entered Level 5 of the Dungeon
  5583 | D:5      | Found a staircase to the Ecumenical Temple.
  5595 | Temple   | Entered the Ecumenical Temple
  5800 | D:5      | Reached skill level 1 in Poison Magic
  5821 | D:5      | Reached XP level 7. HP: 46/55 MP: 3/13
  5924 | D:5      | Reached skill level 1 in Fire Magic
  6079 | Temple   | Became a worshipper of Gozag Ym Sagoz the Greedy
  6188 | D:5      | Reached skill level 1 in Air Magic
  6634 | D:6      | Found a large runed translucent door.
  6635 | D:6      | Found a large runed translucent door.
  6658 | D:6      | Found a glowing golden altar of the Shining One.
  6692 | D:6      | Reached skill level 5 in Spellcasting
  6692 | D:6      | Reached XP level 8. HP: 51/62 MP: 2/15
  6932 | D:6      | Reached skill level 1 in Fighting
  7207 | D:6      | Found Pesukuv's Food Boutique.
  7265 | D:6      | Noticed bli's ghost (novice MfMo)
  7345 | D:6      | Reached skill level 6 in Conjurations
  7857 | D:6      | Found a sacrificial altar of Ru.
  7875 | D:6      | Reached skill level 3 in Dodging
  7886 | D:6      | Reached skill level 3 in Fighting
  8718 | D:7      | Reached XP level 9. HP: 78/78 MP: 9/16
  8920 | D:7      | Found a hide-covered altar of Uskayaw.
  8923 | D:7      | Noticed a +0 hand axe
  8923 | D:7      | Noticed a +0 hand axe
  9173 | D:7      | Found a bloodstained altar of Trog.
  9207 | D:7      | Found a shimmering altar of Xom.
 10132 | D:8      | Noticed Erica
 10222 | D:8      | Reached skill level 3 in Summonings
 10222 | D:8      | Reached skill level 3 in Fire Magic
 10226 | D:8      | Reached skill level 3 in Air Magic
 11019 | D:8      | Noticed a troll
 11028 | D:8      | Killed a troll
 11028 | D:8      | Reached skill level 1 in Shields
 11179 | D:8      | Found a staircase to the Lair.
 11425 | D:8      | Killed Erica
 11425 | D:8      | Reached skill level 6 in Spellcasting
 11425 | D:8      | Reached XP level 10. HP: 76/91 MP: 10/19
 11794 | D:8      | Found a shattered altar of Ashenzari.
 12172 | D:9      | Found an iron altar of Okawaru.
 12172 | D:9      | Found a deep blue altar of Sif Muna.
 12279 | D:9      | Found a blossoming altar of Fedhas.
 12318 | D:9      | Reached skill level 6 in Fighting
 12427 | D:9      | Identified the +3 quarterstaff of the Past {crush, rPois}
 12868 | D:9      | Reached skill level 7 in Spellcasting
 13202 | D:10     | Entered Level 10 of the Dungeon
 13211 | D:9      | Reached skill level 6 in Dodging
 13541 | D:10     | Noticed Psyche
 13587 | Lair:1   | Entered Level 1 of the Lair of Beasts
 14516 | Lair:1   | Noticed Fannar
 14550 | Lair:1   | HP: 17/94 [Fannar/bolt of cold (14)]
 14560 | Lair:1   | Killed Fannar
 14560 | Lair:1   | Reached XP level 11. HP: 37/100 MP: 13/22
 15458 | Lair:2   | Noticed Sonja
 15470 | Lair:2   | Noticed Gastronok
 15526 | Lair:1   | Reached skill level 8 in Spellcasting
 16043 | Lair:2   | Noticed Harold
 16469 | Lair:2   | Noticed a manticore
 16470 | Lair:2   | Found a staircase to the Shoals.
 16678 | Lair:2   | Reached skill level 1 in Evocations
 16699 | Lair:2   | Killed a manticore
 16699 | Lair:2   | Reached skill level 3 in Poison Magic
 16714 | Lair:2   | Killed Sonja
 16714 | Lair:2   | Reached skill level 6 in Stealth
 16916 | Lair:2   | Learned a level 4 spell: Summon Ice Beast
 17154 | Lair:2   | Noticed a catoblepas
 17264 | Lair:2   | Reached skill level 1 in Ice Magic
 17399 | Lair:2   | Noticed an eight-headed hydra
 17964 | Lair:2   | Killed Gastronok
 17964 | Lair:2   | Reached skill level 3 in Ice Magic
 18316 | Lair:2   | Killed an eight-headed hydra
 18595 | Lair:2   | Killed Harold
 18595 | Lair:2   | Reached XP level 12. HP: 96/111 MP: 12/24
 19134 | Lair:3   | Got a fine diamond amulet
 19143 | Lair:2   | Identified the amulet of Megalomania {Gourm rN+ Int+2} (You
                  | found it on level 3 of the Lair of Beasts)
 19369 | Lair:3   | Noticed Nergalle
 19369 | Lair:3   | Noticed Rupert
 20065 | D:10     | Found Xuasted's Jewellery Shoppe.
 20356 | D:10     | Noticed a death knight
 20357 | D:10     | Found a staircase to the Orcish Mines.
 20673 | Lair:3   | Found a staircase to the Snake Pit.
 20754 | Lair:3   | Reached skill level 9 in Spellcasting
 20879 | Lair:3   | Killed Nergalle
 20891 | Lair:3   | Noticed a seven-headed hydra
 20899 | Lair:3   | Killed a seven-headed hydra
 20899 | Lair:3   | Reached skill level 6 in Ice Magic
 21286 | Lair:3   | Killed Rupert
 21286 | Lair:3   | Reached skill level 6 in Summonings
 21827 | Lair:3   | Learned a level 4 spell: Throw Icicle
 21831 | Lair:3   | Learned a level 3 spell: Ozocubu's Armour
 22170 | Lair:4   | Noticed a four-headed hydra
 22178 | Lair:4   | Killed a four-headed hydra
 22661 | Lair:4   | Upgraded the game from 0.23-a0-890-gc183402 to
                  | 0.23-a0-899-gbbae0a3
 22780 | Lair:4   | Found a burning altar of Makhleb.
 22892 | Lair:4   | Reached skill level 3 in Shields
 23326 | Lair:5   | Noticed Nessos
 23328 | Lair:5   | Noticed Nessos
 23328 | Lair:5   | Nessos changed into Nessos the sea snake
 23336 | Lair:5   | Killed Nessos the sea snake
 23336 | Lair:5   | Reached skill level 3 in Evocations
 23366 | Lair:5   | Got a smoking amethyst amulet
 23380 | Lair:5   | Identified the amulet of Knowledge {Faith rN+ Int+3} (You
                  | found it on level 5 of the Lair of Beasts)
 23413 | Lair:5   | Noticed an eight-headed hydra
 23420 | Lair:5   | Killed an eight-headed hydra
 23839 | Lair:5   | Gained mutation: You can use your snake-like lower body to
                  | constrict enemies. [Naga growth]
 23839 | Lair:5   | Reached XP level 13. HP: 120/120 MP: 15/26
 23841 | Lair:5   | Found a frozen archway.
 23942 | IceCv    | Entered an ice cave
 24481 | IceCv    | Reached skill level 10 in Spellcasting
 24849 | IceCv    | Reached skill level 9 in Fighting
 26238 | IceCv    | Learned a level 4 spell: Sticky Flame
 26258 | IceCv    | Learned a level 5 spell: Fireball
 26429 | IceCv    | HP: 22/121 [freezing wraith (3)]
 26796 | IceCv    | Found an ancient bone altar of Kikubaaqudgha.
 28070 | IceCv    | HP: 20/121 [freezing wraith (7)]
 28070 | IceCv    | HP: 9/121 [freezing wraith (11)]
 28070 | IceCv    | HP: 4/121 [freezing wraith (5)]
 29367 | Lair:5   | Found a staircase to the Slime Pits.
 29380 | Lair:5   | Got a smoking leather armour
 29682 | Lair:5   | Identified the cursed +0 leather armour of the Dungeon
                  | {-Cast rC+ Int+8 Stlth+} (You found it on level 5 of the
                  | Lair of Beasts)
 29948 | Lair:6   | Entered Level 6 of the Lair of Beasts
 30977 | Lair:6   | HP: 24/121 [spiny frog (9)]
 30982 | Lair:6   | HP: 18/121 [spiny frog (12)]
 33130 | D:10     | Killed Psyche
 33533 | D:10     | Found an iron altar of Okawaru.
 33904 | Orc:1    | Entered Level 1 of the Orcish Mines
 34979 | Orc:1    | Found Fiho Qos's Antique Armour Emporium.
 35126 | Orc:1    | Bought a pair of glowing gloves for 217 gold pieces
 35126 | Orc:1    | Bought a dazzling leather armour for 203 gold pieces
 35136 | Orc:1    | Identified the +0 leather armour "Erghukul" {Dex+3} (You
                  | bought it in a shop on level 1 of the Orcish Mines)
 35209 | Orc:1    | Reached skill level 11 in Spellcasting
 35236 | D:10     | HP: 24/121 [troll (12)]
 35893 | Orc:1    | Reached skill level 6 in Fire Magic
 36107 | Orc:2    | Entered Level 2 of the Orcish Mines
 36107 | Orc:2    | Found a staircase to the Elven Halls.
 36109 | Orc:2    | Noticed Donald
 36321 | Orc:2    | Found Neorop's Jewellery Emporium.
 36676 | Orc:2    | Reached XP level 14. HP: 96/129 MP: 9/29
 36753 | Orc:2    | HP: 8/129 [Donald/+1 broad axe of holy wrath (49)]
 36754 | Orc:2    | Mangled by Donald

Vault maps used:
D:1:      onia_arrival_mini_spirals, chequers_arboretum
D:2:      cheibrodos_old_hovel, uniq_jessica, uniq_crazy_yiuf_cottage
D:3:      lemuel_crystal_altar
D:4:      grunt_temple_overflow_cloverleaf, first_ration, serial_shops, shop,
          nrook_uturn, minmay_misc_feat_more_columns
D:5:      minmay_temple_entry_stoned_glass
D:6:      overflow_temple_1_default, nicolae_overflow_crystal_walls,
          ebering_ghost_disaster_area, serial_shops, shop
D:7:      dancing_weapons_uskayaw, basic_altar, bloody_trog
D:8:      kennysheep_mini, erik_lair_island, uniq_erica
D:9:      fedhas_altar_2, gammafunk_temple_overflow_statue
D:10:     david_orc_2, serial_shops, kennysheep_little_box, basic_altar,
          grunt_pizzeria, minmay_checkerbox, uniq_psyche
Temple:   cyrus_temple_forest
Lair:1:   lemuel_fruit_tree, grunt_megastairs_5, serial_bayou_shore_b,
          lemuel_fruit_fields, uniq_fannar
Lair:2:   minmay_shoals_entry_beasts, uniq_harold, uniq_sonja, uniq_gastronok
Lair:3:   guppyfry_snake_entry_island, uniq_nergalle, uniq_rupert
Lair:4:   basic_altar, minivault_27, lemuel_fruit_fields
Lair:5:   slime_dummy, portal_ice_cave_entry_imps, uniq_nessos
Lair:6:   due_jungle_book, minmay_lair_oklob_chamber, grunt_megastairs_2
Orc:1:    serial_shops, shop
Orc:2:    st_orc_ogre_mass, serial_shops, shop, minmay_shop_enchanted_jewellery,
          uniq_maurice, uniq_donald
IceCv:    ice_cave_small_necro

Action                   |  1- 3 |  4- 6 |  7- 9 | 10-12 | 13-15 || total
-------------------------+-------+-------+-------+-------+-------++-------
Melee: Unarmed           |    18 |       |       |       |       ||    18
       Short sword       |    44 |     3 |       |       |       ||    47
       Club              |       |    65 |   115 |    42 |       ||   222
       Quarterstaff      |       |       |       |   416 |   146 ||   562
       Dagger            |       |       |       |    11 |       ||    11
       Scimitar          |       |       |       |       |   190 ||   190
       Constrict         |       |       |       |       |    89 ||    89
 Fire: Blowgun           |       |       |       |    31 |       ||    31
Throw: Throwing net      |       |       |       |     1 |       ||     1
 Cast: Magic Dart        |    85 |    94 |   203 |   114 |   132 ||   628
       Call Imp          |       |    19 |    24 |    35 |     3 ||    81
       Mephitic Cloud    |       |       |    23 |    66 |     1 ||    90
       Conjure Flame     |       |       |    15 |     3 |     6 ||    24
       Summon Ice Beast  |       |       |       |    80 |   144 ||   224
       Blink             |       |       |       |     4 |     2 ||     6
       Ozocubu's Armour  |       |       |       |     2 |    39 ||    41
       Throw Icicle      |       |       |       |     1 |    30 ||    31
       Sticky Flame      |       |       |       |       |    52 ||    52
       Fireball          |       |       |       |       |    14 ||    14
 Abil: Spit Poison       |     8 |    11 |    16 |    13 |       ||    48
Evoke: Wand              |       |       |     7 |    11 |    14 ||    32
  Use: Scroll            |       |    11 |       |    18 |    14 ||    43
       Potion            |       |     2 |     2 |    10 |     6 ||    20
 Stab: Sleeping          |     3 |       |     1 |     3 |     4 ||    11
       Invisible         |       |     4 |       |       |       ||     4
       Confused          |       |       |     5 |    30 |       ||    35
       Distracted        |       |       |       |     6 |     5 ||    11
       Held in net/web   |       |       |       |     1 |       ||     1
  Eat: Chunk             |     4 |     6 |       |       |       ||    10
       Ration            |       |     1 |     5 |    10 |    10 ||    26
Armor: Robe              |    12 |    67 |    58 |   257 |   357 ||   751
       Leather armour    |       |     9 |       |       |       ||     9
Dodge: Dodged            |    41 |    57 |    98 |   395 |   480 ||  1071
Block: Buckler           |       |       |     3 |    23 |    40 ||    66
       Rpst.: Scimitar   |       |       |       |       |    49 ||    49
